 Dungeon Crawl Stone Soup version 0.11.3 (console) character file.

141 Lightli the Magician (level 3, 0/20 HPs)
             Began as a Deep Elf Stalker on June 20, 2022.
             Slain by an iguana (9 damage)
             ... on Level 3 of the Dungeon.
             The game lasted 00:08:38 (2739 turns).

Lightli the Magician (Deep Elf Stalker)             Turns: 2739, Time: 00:08:38

HP   0/20        AC  3     Str  7      XL: 3   Next: 37%
MP   4/9         EV 13     Int 17      God:
Gold 99          SH  0     Dex 16      Spells:  2 memorised,  7 levels left

Res.Fire  : . . .   See Invis. : .   a - +2,+3 elf dagger {=f}
Res.Cold  : . . .   Warding    : .   b - +0 elf robe
Life Prot.: . . .   Conserve   : .   (no shield)
Res.Poison: .       Res.Corr.  : .   (no helmet)
Res.Elec. : .       Clarity    : .   c - +0 elf cloak
Sust.Abil.: . .     Spirit.Shd : .   (no gloves)
Res.Mut.  : .       Stasis     : .   (no boots)
Res.Rott. : .       Ctrl.Telep.: .   k - amulet of rage
Saprovore : . . .   Levitation : .   (no ring) Ctrl.Flight: .
                                     (no ring)

@: very slightly contaminated, slightly resistant to hostile enchantments,
stealthy
A: no striking features
a: Evoke Berserk Rage


You were on level 3 of the Dungeon.
You were hungry.

You visited 1 branch of the dungeon, and saw 3 of its levels.

You collected 79 gold pieces.

Inventory:

Hand weapons
 a - a +2,+3 elven dagger (weapon) {=f}
Armour
 b - a +0 elven robe (worn)
 c - a +0 elven cloak (worn)
Comestibles
 f - a bread ration
 l - a choko
 o - a chunk of quokka flesh
Jewellery
 k - an amulet of rage (around neck)
Potions
 e - a potion of confusion
 g - 2 potions of speed
 h - a potion of curing
 i - a potion of resistance {unknown}
 j - a potion of agility {unknown}
 m - a potion of poison
 n - a potion of brilliance {unknown}
Books
 d - a book of Stalking

   Spells                             Type                      Level
   *Fulsome Distillation              Transmutation/Necromancy     1
   *Evaporate                         Fire/Transmutation           2
   Passwall                           Transmutation/Earth          3
   Petrify                            Transmutation/Earth          4
   Dig                                Transmutation/Earth          4


   Skills:
 - Level 0.7 Fighting
 - Level 1.0 Short Blades
 - Level 2.4 Dodging
 - Level 2.4 Stealth
 - Level 2.1 Stabbing
 + Level 4.3 Spellcasting
 - Level 2.1 Transmutations


You had 7 spell levels left.
You knew the following spells:

 Your Spells              Type           Power        Failure   Level  Hunger
a - Fulsome Distillation  Trmt/Necr      N/A          12%         1    None
b - Evaporate             Fire/Trmt      ##.....      17%         2    ##.....


Dungeon Overview and Level Annotations

Branches:
Dungeon (3/27)

Altars:


Message History

Casting: Evaporate
Confirm with . or Enter, or press ? or * to list all spells.
Throw which potion? (? for menu, Esc to quit)
Where do you want to aim your potion of confusion?
Aiming: Evaporate
Press: ? - help, Shift-Dir - straight line, f - iguana
Aim: an iguana (severely wounded)
You miscast Evaporate.
You are very lightly contaminated with residual magic.
You feel uncomfortably hot.
Unknown command.
Casting: Evaporate
Confirm with . or Enter, or press ? or * to list all spells.
Throw which potion? (? for menu, Esc to quit)
Where do you want to aim your potion of confusion?
Aiming: Evaporate
Press: ? - help, Shift-Dir - straight line, p - iguana You miscast Evaporate.
You feel a strange surge of energy! The iguana bites you!
You die...

o# ..... .......... .#...##.
#...#..#.#. ........#
............# #.. .#...###
#..#..#.#.... .... ........
#..#..#.#.... ....
################..#....#.#.###.#.
.................................
.##############...#....#.#.#.#...
..............rl@................
.#############....#..............
.# ### #...##.....).(.(.<.. .#
#.# #................... ## #.#
#..#.##..##.........
#.########..#.....###........
#.#.........####..# #..#.##..
#.#####.##.#####..###........
#####.#####......................


You could see an iguana and a rat.

Vanquished Creatures
  An adder (D:2)
  2 giant cockroaches
  5 hobgoblins
  A quokka (D:3)
  7 bats
  2 giant newts
  5 goblins
  4 kobolds
  6 rats
33 creatures vanquished.

Notes
Turn   | Place    | Note
--------------------------------------------------------------
     0 | D:1      | Lightli, the Deep Elf Stalker, began the quest for the Orb.
     0 | D:1      | Reached XP level 1. HP: 12/12 MP: 2/2
   815 | D:1      | Reached XP level 2. HP: 12/16 MP: 5/5
   819 | D:1      | Learned a level 2 spell: Evaporate
  1252 | D:1      | Reached skill level 3 in Spellcasting
  2435 | D:2      | Reached skill level 4 in Spellcasting
  2435 | D:2      | Reached XP level 3. HP: 13/20 MP: 4/9
  2739 | D:3      | Slain by an iguana
